SA
PHOENIX HOTSPUR U-21 @ TENNESSEE SMOKIES
07/19/2037
 
TOP OF THE 1ST
Phoenix Hotspur U-21 batting - Pitching for Tennessee Smokies : LHP Júlio del Bosque
Pitching: LHP Júlio del Bosque
Batting: RHB Frank Ray 0-0: Ball
1-0: Swinging Strike
1-1: Swinging Strike
1-2: Strikes out swinging
Batting: LHB Daniel Joseph 0-0: Ground out 3-1 (Groundball, 34S, EV 63.8 MPH)
Batting: LHB Alfonso Ramírez 0-0: Called Strike
0-1: Ball
1-1: Ball
2-1: Foul Ball, location: 2F
2-2: Strikes out looking
Top of the 1st over - 0 runs, 0 hits, 0 errors, 0 left on base; Phoenix 0 - Tennessee 0
BOTTOM OF THE 1ST
Tennessee Smokies batting - Pitching for Phoenix Hotspur U-21 : RHP Ernesto García
Pitching: RHP Ernesto García
Batting: LHB Warren King 0-0: Called Strike
0-1: Ball
1-1: Foul Ball, location: 2F
1-2: Strikes out swinging
Batting: SHB Mo Meaker 0-0: Swinging Strike
0-1: Ball
1-1: Ground out 4-3 (Groundball, 4, EV 103.8 MPH)
Batting: SHB Jorge Indiano 0-0: Ball
1-0: Ground out 4-3 (Groundball, 4, EV 83.8 MPH)
Bottom of the 1st over - 0 runs, 0 hits, 0 errors, 0 left on base; Phoenix 0 - Tennessee 0
TOP OF THE 2ND
Phoenix Hotspur U-21 batting - Pitching for Tennessee Smokies : LHP Júlio del Bosque
Batting: RHB Nate Edwards 0-0: Foul Ball, location: 2F
0-1: Foul Ball, location: 2F
0-2: Ball
1-2: Foul Ball, location: 2F
1-2: Ball
2-2: Ball
3-2: Foul Ball, location: 2F
3-2: Fly out, F9 (Flyball, 9LD, EV 89.4 MPH)
Batting: RHB Jesse McCoy 0-0: Ball
1-0: Ball
2-0: Swinging Strike
2-1: Called Strike
2-2: Strikes out swinging
Batting: RHB Ronnie Wise 0-0: Foul Ball, location: 2F
0-1: Ball
1-1: Swinging Strike
1-2: Ball
2-2: Ball
3-2: SINGLE (Line Drive, 89S, EV 96.9 MPH)
Batting: RHB Gabriel Méndez 0-0: Ball
1-0: Ball
2-0: Foul Ball, location: 2F
2-1: Swinging Strike
2-2: Foul Ball, location: 2F
2-2: Strikes out swinging
Top of the 2nd over - 0 runs, 1 hit, 0 errors, 1 left on base; Phoenix 0 - Tennessee 0
BOTTOM OF THE 2ND
Tennessee Smokies batting - Pitching for Phoenix Hotspur U-21 : RHP Ernesto García
Batting: LHB Carel van Putten 0-0: Ball
1-0: Fly out, F8 (Line Drive, 8LD, EV 101.9 MPH)
Batting: RHB Joel Iyiegbuniwe 0-0: Ball
1-0: DOUBLE (Line Drive, 78D, EV 103.8 MPH)
Batting: RHB Tony Juderías 0-0: Called Strike
0-1: Swinging Strike
0-2: Foul Ball, location: 2F
0-2: Foul Ball, location: 2F
0-2: Strikes out looking
Batting: RHB Bernardo Rodríguez 0-0: Called Strike
0-1: SINGLE (Groundball, 56D, EV 100.6 MPH)
Joel Iyiegbuniwe to third
Runner from 3rd tries for Home, SAFE, throw by LF to home
Batting: RHB Gonzalo Quintanilla 0-0: Swinging Strike
0-1: Swinging Strike
0-2: SINGLE (Flyball, 7LS, EV 90.6 MPH)
Bernardo Rodríguez to second
Batting: RHB Miguel Silva 0-0: Ball
1-0: Ball
2-0: Swinging Strike
2-1: Ball
3-1: Base on Balls
Bernardo Rodríguez to third
Gonzalo Quintanilla to second
Batting: LHB Warren King 0-0: Swinging Strike
0-1: Called Strike
0-2: Foul Ball, location: 2F
0-2: Ball
1-2: Strikes out looking
Bottom of the 2nd over - 1 run, 3 hits, 0 errors, 3 left on base; Phoenix 0 - Tennessee 1
TOP OF THE 3RD
Phoenix Hotspur U-21 batting - Pitching for Tennessee Smokies : LHP Júlio del Bosque
Batting: RHB Sotatsu Kokawa 0-0: Called Strike
0-1: Called Strike
0-2: Foul Ball, location: 2F
0-2: Ball
1-2: Foul Ball, location: 2F
1-2: SINGLE (Groundball, 56D, EV 106.2 MPH)
Batting: RHB Tim Gray 0-0: Called Strike
0-1: Ball
1-1: Ball
2-1: Ball
3-1: Foul Ball, location: 2F
3-2: SINGLE (Groundball, 56D, EV 101.9 MPH)
Sotatsu Kokawa to second
Sotatsu Kokawa to third
Batting: RHB Frank Ray 0-0: Ball
1-0: Ball
2-0: Ball
3-0: Base on Balls
Tim Gray to second
Batting: LHB Daniel Joseph 0-0: Called Strike
0-1: Ball
1-1: Foul Ball, location: 2F
1-2: Fly out, F9 (Flyball, 9S, EV 85.0 MPH)
Batting: LHB Alfonso Ramírez 0-0: Ball
1-0: Foul Ball, location: 2F
1-1: Fly out, F7 (Flyball, 78S, EV 90.0 MPH)
Batting: RHB Nate Edwards 0-0: Ball
1-0: Swinging Strike
1-1: Ball
2-1: Swinging Strike
2-2: Strikes out swinging
Top of the 3rd over - 0 runs, 2 hits, 0 errors, 3 left on base; Phoenix 0 - Tennessee 1
BOTTOM OF THE 3RD
Tennessee Smokies batting - Pitching for Phoenix Hotspur U-21 : RHP Ernesto García
Batting: SHB Mo Meaker 0-0: Called Strike
0-1: Ball
1-1: Ball
2-1: Ball
3-1: Swinging Strike
3-2: Foul Ball, location: 2F
3-2: Foul Ball, location: 2F
3-2: Fly out, F6 (Popup, 6M, EV 61.2 MPH)
Batting: SHB Jorge Indiano 0-0: Ball
1-0: Foul Ball, location: 2F
1-1: Ground out U3 (Groundball, 3S, EV 82.5 MPH)
Batting: LHB Carel van Putten 0-0: Foul Ball, location: 2F
0-1: Swinging Strike
0-2: Ball
1-2: Ground out 6-3 (Groundball, 6M, EV 79.4 MPH)
Bottom of the 3rd over - 0 runs, 0 hits, 0 errors, 0 left on base; Phoenix 0 - Tennessee 1
TOP OF THE 4TH
Phoenix Hotspur U-21 batting - Pitching for Tennessee Smokies : LHP Júlio del Bosque
Batting: RHB Jesse McCoy 0-0: Called Strike
0-1: Ball
1-1: Foul Ball, location: 2F
1-2: Foul Ball, location: 2F
1-2: Ball
2-2: Strikes out looking
Batting: RHB Ronnie Wise 0-0: Foul Ball, location: 2F
0-1: Ball
1-1: Ball
2-1: Ball
3-1: Ground out 5-3 (Groundball, 56, EV 78.1 MPH)
Batting: RHB Gabriel Méndez 0-0: Called Strike
0-1: Ball
1-1: Ground out 4-3 (Groundball, 34, EV 98.8 MPH)
Top of the 4th over - 0 runs, 0 hits, 0 errors, 0 left on base; Phoenix 0 - Tennessee 1
BOTTOM OF THE 4TH
Tennessee Smokies batting - Pitching for Phoenix Hotspur U-21 : RHP Ernesto García
Batting: RHB Joel Iyiegbuniwe 0-0: Called Strike
0-1: Ball
1-1: Fly out, F8 (Flyball, 8LS, EV 84.4 MPH)
Batting: RHB Tony Juderías 0-0: Ground out 6-3 (Groundball, 6, EV 80.6 MPH)
Batting: RHB Bernardo Rodríguez 0-0: Ball
1-0: Foul Ball, location: 2F
1-1: Ball
2-1: SOLO HOME RUN (Flyball, 7D, EV 89.4 MPH), Distance : 399 ft
Batting: RHB Gonzalo Quintanilla 0-0: Foul Ball, location: 2F
0-1: Fly out, F9 (Flyball, 9LS, EV 86.2 MPH)
Bottom of the 4th over - 1 run, 1 hit, 0 errors, 0 left on base; Phoenix 0 - Tennessee 2
TOP OF THE 5TH
Phoenix Hotspur U-21 batting - Pitching for Tennessee Smokies : LHP Júlio del Bosque
Batting: RHB Sotatsu Kokawa 0-0: Ball
1-0: Called Strike
1-1: Swinging Strike
1-2: Strikes out swinging
Batting: RHB Tim Gray 0-0: Foul Ball, location: 2F
0-1: Swinging Strike
0-2: Strikes out swinging
Batting: RHB Frank Ray 0-0: Ball
1-0: Swinging Strike
1-1: Ball
2-1: SINGLE (Line Drive, 4M, EV 104.4 MPH)
Batting: LHB Daniel Joseph 0-0: Ball
1-0: Foul Ball, location: 2F
1-1: Called Strike
1-2: Foul Ball, location: 2F
1-2: Ball
2-2: Strikes out swinging
Top of the 5th over - 0 runs, 1 hit, 0 errors, 1 left on base; Phoenix 0 - Tennessee 2
BOTTOM OF THE 5TH
Tennessee Smokies batting - Pitching for Phoenix Hotspur U-21 : RHP Ernesto García
Batting: RHB Miguel Silva 0-0: SINGLE (Line Drive, 5D, EV 95.6 MPH)
Batting: LHB Warren King 0-0: Bunt missed!
0-1: Ball
1-1: Bunt - Flyout to 5S! F5
Batting: SHB Mo Meaker 0-0: SINGLE (Line Drive, 6D, EV 96.2 MPH)
Miguel Silva to second
Batting: SHB Jorge Indiano 0-0: Ball
1-0: Foul Ball, location: 2F
1-1: Fly out, F8 (Flyball, 8LXD, EV 110.6 MPH)
Batting: LHB Carel van Putten 0-0: Called Strike
0-1: Ball
1-1: SINGLE (Groundball, 6MD, EV 101.9 MPH)
Miguel Silva to third
Mo Meaker to second
Runner from 3rd tries for Home, SAFE, throw by CF to home
Batting: RHB Joel Iyiegbuniwe 0-0: Ball
1-0: Ball
Wild Pitch!
Mo Meaker to third
Carel van Putten to second
2-0: Ball
3-0: Base on Balls
Batting: RHB Tony Juderías 0-0: Called Strike
0-1: Fly out, F9 (Line Drive, 9D, EV 84.4 MPH)
Bottom of the 5th over - 1 run, 3 hits, 0 errors, 3 left on base; Phoenix 0 - Tennessee 3
TOP OF THE 6TH
Phoenix Hotspur U-21 batting - Pitching for Tennessee Smokies : LHP Júlio del Bosque
Batting: LHB Alfonso Ramírez 0-0: Swinging Strike
0-1: Ball
1-1: Swinging Strike
1-2: Strikes out swinging
Batting: RHB Nate Edwards 0-0: Swinging Strike
0-1: Ball
1-1: DOUBLE (Line Drive, 89XD, EV 101.2 MPH)
Batting: RHB Jesse McCoy 0-0: Ground out 1-3 (Groundball, P, EV 82.5 MPH)
Nate Edwards to third
Pitching: RHP César Torres
Batting: RHB Ronnie Wise 0-0: Fly out, F7 (Flyball, 78M, EV 85.6 MPH)
Top of the 6th over - 0 runs, 1 hit, 0 errors, 1 left on base; Phoenix 0 - Tennessee 3
BOTTOM OF THE 6TH
Tennessee Smokies batting - Pitching for Phoenix Hotspur U-21 : RHP Ernesto García
Batting: RHB Bernardo Rodríguez 0-0: Called Strike
0-1: Foul Ball, location: 2F
0-2: Ball
1-2: Foul Ball, location: 2F
1-2: Ball
2-2: SINGLE (Line Drive, 4MD, EV 94.4 MPH)
Batting: RHB Gonzalo Quintanilla 0-0: Bunted foul
0-1: Bunt - Flyout to 5S! F5
Batting: RHB Miguel Silva 0-0: Swinging Strike
0-1: Ball
1-1: Fly out, F8 (Flyball, 8LD, EV 89.4 MPH)
Batting: LHB Warren King 0-0: Fly out, F4 (Flyball, 3D, EV 88.1 MPH)
Bottom of the 6th over - 0 runs, 1 hit, 0 errors, 1 left on base; Phoenix 0 - Tennessee 3
TOP OF THE 7TH
Phoenix Hotspur U-21 batting - Pitching for Tennessee Smokies : RHP César Torres
Batting: RHB Gabriel Méndez 0-0: Swinging Strike
0-1: Swinging Strike
0-2: Foul Ball, location: 2F
0-2: Strikes out swinging
Batting: RHB Sotatsu Kokawa 0-0: Swinging Strike
0-1: Ball
1-1: Ground out 6-3 (Groundball, 6, EV 90.6 MPH)
Batting: RHB Tim Gray 0-0: Called Strike
0-1: SINGLE (Line Drive, 8LS, EV 91.2 MPH)
Batting: RHB Frank Ray 0-0: Ball
1-0: Called Strike
1-1: Foul Ball, location: 2F
1-2: Foul Ball, location: 2F
1-2: Ball
2-2: Strikes out swinging
Top of the 7th over - 0 runs, 1 hit, 0 errors, 1 left on base; Phoenix 0 - Tennessee 3
BOTTOM OF THE 7TH
Tennessee Smokies batting - Pitching for Phoenix Hotspur U-21 : RHP Ernesto García
Batting: SHB Mo Meaker 0-0: Called Strike
0-1: Ball
1-1: Foul Ball, location: 2F
1-2: Foul Ball, location: 2F
1-2: Strikes out swinging
Batting: SHB Jorge Indiano 0-0: Called Strike
0-1: Fly out, F1 (Line Drive, P, EV 65.6 MPH)
Batting: LHB Carel van Putten 0-0: Called Strike
0-1: Ground out 3-1 (Groundball, 34, EV 76.2 MPH)
Bottom of the 7th over - 0 runs, 0 hits, 0 errors, 0 left on base; Phoenix 0 - Tennessee 3
TOP OF THE 8TH
Phoenix Hotspur U-21 batting - Pitching for Tennessee Smokies : RHP César Torres
Batting: LHB Daniel Joseph 0-0: Ball
1-0: Ball
2-0: Ball
3-0: Base on Balls
Batting: LHB Alfonso Ramírez 0-0: Called Strike
0-1: Fielders Choice at 2nd, 1-6 (Groundball, 34S, EV 73.1 MPH)
Batting: RHB Nate Edwards 0-0: Ball
1-0: Ball
2-0: SINGLE (Line Drive, 4MD, EV 95.0 MPH)
Alfonso Ramírez to second
Batting: RHB Jesse McCoy 0-0: Ball
1-0: Swinging Strike
1-1: Foul Ball, location: 2F
1-2: Strikes out swinging
Batting: RHB Ronnie Wise 0-0: Called Strike
0-1: Foul Ball, location: 2F
0-2: Foul Ball, location: 2F
0-2: Ball
1-2: Ball
2-2: Ball
3-2: Strikes out swinging
Top of the 8th over - 0 runs, 1 hit, 0 errors, 2 left on base; Phoenix 0 - Tennessee 3
BOTTOM OF THE 8TH
Tennessee Smokies batting - Pitching for Phoenix Hotspur U-21 : RHP Ernesto García
Batting: RHB Joel Iyiegbuniwe 0-0: Ball
1-0: Ball
2-0: Ball
3-0: Base on Balls
Pitching: RHP Elvis King
Batting: RHB Tony Juderías 0-0: Swinging Strike
0-1: Sac Bunt to 13 - play at first, batter OUT! 1-3
Joel Iyiegbuniwe to second
Batting: RHB Bernardo Rodríguez 0-0: Ball
1-0: Called Strike
1-1: Foul Ball, location: 2F
1-2: Fly out, F8 (Line Drive, 8RM, EV 86.9 MPH)
Batting: RHB Gonzalo Quintanilla 0-0: Ground out 1-3 (Groundball, 13S, EV 68.8 MPH)
Bottom of the 8th over - 0 runs, 0 hits, 0 errors, 1 left on base; Phoenix 0 - Tennessee 3
TOP OF THE 9TH
Phoenix Hotspur U-21 batting - Pitching for Tennessee Smokies : RHP César Torres
Pitching: LHP Joe Gram
Batting: RHB Gabriel Méndez 0-0: Called Strike
0-1: Foul Ball, location: 2F
0-2: Strikes out looking
Batting: RHB Sotatsu Kokawa 0-0: Ball
1-0: Called Strike
1-1: Ball
2-1: Ball
3-1: Foul Ball, location: 2F
3-2: Strikes out looking
Batting: RHB Tim Gray 0-0: Called Strike
0-1: Ground out 4-3 (Groundball, 4, EV 90.6 MPH)
Top of the 9th over - 0 runs, 0 hits, 0 errors, 0 left on base; Phoenix 0 - Tennessee 3
Thursday, January 23rd, 2020 - OOTP Baseball 20.8 Build 74